 Dungeon Crawl Stone Soup version 0.20.1-1-g8b1a95d (webtiles) character file.

884 Jeffwins the Carver (level 8, 0/52 HPs)
             Began as an Octopode Fighter on Aug 3, 2017.
             Was a Follower of Okawaru.
             Slain by a phantom (5 damage)
             ... on level 5 of the Dungeon.
             The game lasted 00:11:11 (4643 turns).

Jeffwins the Carver (Octopode Fighter)              Turns: 4643, Time: 00:11:11

Health: 0/52       AC:  1    Str: 16    XL:     8   Next: 5%
Magic:  8/8        EV: 12    Int: 10    God:    Okawaru [*.....]
Gold:   273        SH: 10    Dex: 13    Spells: 7/7 levels left

rFire    . . .     SeeInvis .   a - +1 long sword
rCold    . . .     Gourm    .   b - +1 shield
rNeg     . . .     Faith    +   (helmet restricted)
rPois    .         Spirit   .   y - amulet of faith
rElec    .         Reflect  .   (no ring)
rCorr    .         Harm     .   (no ring)
MR       .....                  (no ring)
Stlth    ++........             (no ring)
Regen    0.2/turn               (no ring)
MPRegen  0.2/turn               (no ring)
                                (no ring)
                                (no ring)

@: no status effects
A: almost no armour, stealthy swim, amphibious, 8 rings, constrict 8, camouflage
1, gelatinous body 1
a: Heroism, Renounce Religion


You were on level 5 of the Dungeon.
You worshipped Okawaru.
Okawaru was aware of your devotion.
You were not hungry.

You visited 2 branches of the dungeon, and saw 6 of its levels.
You also visited: Sewer.

You collected 273 gold pieces.

Inventory:

Hand Weapons
 a - a +1 long sword (weapon)
Armour
 b - a +1 shield (worn)
Jewellery
 x - an uncursed amulet of rage
 y - an amulet of faith (around mantle)
Scrolls
 e - 6 scrolls of fog {unknown}
 k - 4 scrolls of magic mapping {unknown}
 l - 3 scrolls of recharging {unknown}
 m - 2 scrolls of teleportation {unknown}
Potions
 g - 3 potions of agility {unknown}
 h - 2 potions of might
 i - 3 potions of haste {unknown}
 n - a potion of brilliance {unknown}
 p - 2 potions of flight
 q - a potion of ambrosia
 s - 3 potions of curing
 t - a potion of mutation
 z - 2 potions of heal wounds
Books
 w - a book of Flames

   Spells                             Type                      Level
   a - Flame Tongue                   Conjuration/Fire             1
   b - Throw Flame                    Conjuration/Fire             2
   c - Conjure Flame                  Conjuration/Fire             3
   d - Inner Flame                    Hexes/Fire                   3
   e - Sticky Flame                   Conjuration/Fire             4
   f - Fireball                       Conjuration/Fire             5
Comestibles
 d - 4 bread rations
 f - 3 meat rations
 j - 2 fruits
 u - 4 royal jellies


   Skills:
 + Level 3.3 Fighting
 * Level 8.4 Long Blades
 + Level 3.3 Dodging
 + Level 3.4 Shields
 + Level 1.2 Invocations
 - Level 1.2 Evocations


You had 7 spell levels left.
You didn't know any spells.

Dungeon Overview and Level Annotations

Branches:
Dungeon (5/15)             Temple (1/1) D:4

Altars:
Ashenzari
Gozag
Hepliaklqana
Kikubaaqudgha
Makhleb
Nemelex Xobeh
Okawaru
Qazlal
Ru
Sif Muna
Uskayaw
Vehumet
Xom
Yredelemnul


Innate Abilities, Weirdness & Mutations

You cannot wear most types of armour.
You are very stealthy in the water. (Stealth+)
You are amphibious.
You can wear up to eight rings at the same time.
You can use your tentacles to constrict eight enemies at once.
Your skin changes colour to match your surroundings (Stealth+).
Your rubbery body absorbs attacks. (AC +1, EV +1)


Message History

The phantom is almost destroyed.
You block the phantom's attack. The phantom hits you.
You barely miss the phantom.
The phantom is almost destroyed.
You block the phantom's attack.
You closely miss the phantom. Your squeeze misses the phantom.
The phantom is almost destroyed.
The phantom hits you!
* * * LOW HITPOINT WARNING * * *
You closely miss the phantom.
The phantom is almost destroyed.
The phantom closely misses you.
You closely miss the phantom.
The phantom is almost destroyed.
The phantom hits you!
* * * LOW HITPOINT WARNING * * *
You closely miss the phantom.
The phantom is almost destroyed.
The phantom hits you.
You die...

##...............#
####...............#
#..................#
#..................#
##.................#
##.................
#.................
##..W............
#.@#...........
#..#..... #..#.....
...# .... #...# ...
#..## ##.# #.# #.#


You could see a phantom.

Vanquished Creatures
  The ghost of Jeffwins the Slasher, an amateur OpFi (D:4)
  A centaur (D:5)
  2 bullfrogs (Sewer)
  A bullfrog zombie (D:5)
  A hound (D:5)
  A jelly (D:5)
  A bullfrog skeleton (D:4)
  An orc priest (D:4)
  An orc wizard (D:4)
  An iguana (D:5)
  Natasha (twice) (D:2)
  2 worker ants (D:4)
  A howler monkey skeleton (D:4)
  8 adders
  6 river rats
  2 oozes (Sewer)
  3 worms (D:4)
  A dart slug (D:3)
  3 leopard geckos (D:3)
  9 orcs
  14 ball pythons
  7 bats
  A giant cockroach (D:4)
  2 goblins (D:1)
  5 hobgoblins
  6 jackals (D:1)
  A quokka (D:2)
  7 frilled lizards
  A jackal skeleton (D:4)
  7 kobolds
  26 rats
125 creatures vanquished.

Notes
Turn   | Place    | Note
-------+----------+-------------------------------------------
     0 | D:1      | Jeffwins the Octopode Fighter began the quest for the Orb.
     0 | D:1      | Reached XP level 1. HP: 16/16 MP: 1/1
   117 | D:1      | Reached XP level 2. HP: 15/21 MP: 2/2
   150 | D:1      | Reached skill level 3 in Long Blades
   605 | D:2      | Noticed Natasha
   610 | D:2      | Killed Natasha
   610 | D:2      | Reached XP level 3. HP: 26/26 MP: 3/3
   702 | D:2      | Reached skill level 4 in Long Blades
   792 | D:2      | Reached XP level 4. HP: 30/31 MP: 4/4
   907 | D:2      | Noticed Natasha
   913 | D:2      | Killed Natasha
  1578 | D:3      | Found a radiant altar of Vehumet.
  1633 | D:3      | Found a sparkling altar of Nemelex Xobeh.
  1636 | D:3      | Reached skill level 5 in Long Blades
  1644 | D:3      | Reached XP level 5. HP: 28/36 MP: 5/5
  2284 | D:4      | Noticed Jeffwins's ghost (amateur OpFi)
  2565 | D:4      | Killed Jeffwins's ghost
  2565 | D:4      | Reached skill level 6 in Long Blades
  2565 | D:4      | Reached XP level 6. HP: 23/42 MP: 6/6
  2636 | D:4      | Found a staircase to the Ecumenical Temple.
  2651 | Temple   | Entered the Ecumenical Temple
  2726 | Temple   | Became a worshipper of Warmaster Okawaru
  2910 | D:4      | Found a glowing drain.
  2921 | Sewer    | Entered a sewer
  3230 | Sewer    | Reached skill level 7 in Long Blades
  3489 | Sewer    | Reached * piety under Okawaru
  3489 | Sewer    | Reached XP level 7. HP: 41/46 MP: 7/7
  3853 | D:4      | Reached skill level 8 in Long Blades
  3856 | D:4      | Reached skill level 1 in Evocations
  4043 | D:4      | Found a deep blue altar of Sif Muna.
  4043 | D:4      | Found a stormy altar of Qazlal.
  4326 | D:5      | Entered Level 5 of the Dungeon
  4351 | D:5      | Reached skill level 1 in Invocations
  4382 | D:5      | Reached XP level 8. HP: 42/52 MP: 8/8
  4643 | D:5      | Slain by a phantom

Skill      XL: |  1  2  3  4  5  6  7 |
---------------+----------------------+-----
Long Blades    | 3 4 5 6 7 8 |  8.4
Evocations     | 1 |  1.2
Invocations    | 1 |  1.2
Fighting       | |  3.3
Dodging        | |  3.3
Shields        | |  3.4

Action                   |  1- 3 |  4- 6 |  7- 9 || total
-------------------------+-------+-------+-------++-------
Melee: Long sword        |    41 |   138 |    80 ||   259
       Constrict         |    10 |    39 |    12 ||    61
       Tentacles         |     7 |    32 |    27 ||    66
  Use: Potion            |       |     2 |     1 ||     3
       Scroll            |       |     9 |     1 ||    10
 Stab: Sleeping          |     9 |    10 |       ||    19
  Eat: Chunk             |       |     8 |     4 ||    12
Armor: Skin              |     5 |     8 |     6 ||    19
Dodge: Dodged            |    22 |    64 |    41 ||   127
Block: Shield            |    10 |    63 |    48 ||   121
       Rpst.: Long sword |     8 |    14 |    10 ||    32
